 Dungeon Crawl Stone Soup version 0.30.1-11-g7821555f0a (webtiles) character file.

Game seed: 16086083893598397808

2221 fireball365 the Cleaver (level 9, 0/117 HPs)
             Began as a Hill Orc Fighter on Dec 14, 2023.
             Was an Initiate of Gozag.
             Slain by a gnoll sergeant
             ... wielding a +2 vampiric spear
              (2 damage)
             ... on level 6 of the Dungeon.
             The game lasted 00:11:33 (6135 turns).

fireball365 the Cleaver (Hill Orc Fighter)          Turns: 6135, Time: 00:11:34

Health: 0/117      AC: 24    Str: 23    XL:     9   Next: 35%
Magic:  9/9        EV:  2    Int:  8    God:    Gozag
Gold:   460        SH:  5    Dex: 10    Spells: 8/8 levels left

rFire   + . .        n - +0 war axe (freeze)
rCold   . . .        c - +0 buckler
rNeg    + . .        b - melded +0 scale mail
rPois   +            q - melded +0 helmet
rElec   .            v - melded +2 cloak
rCorr   .            (gloves currently unavailable)
SInv    .            (boots currently unavailable)
Will    .....        (no amulet)
Stlth   +            y - ring of positive energy
HPRegen 0.39/turn    g - ring of protection from fire
MPRegen 0.11/turn

%: no passive effects
@: lethally poisoned (0 -> -9), tree-form
A: stationary, stasis, torment immunity, boosted hp
a: Renounce Religion, Potion Petition, Call Merchant, Bribe Branch


You were on level 6 of the Dungeon.
You worshipped Gozag.
Gozag was aware of your devotion.
You were a tree.
You visited 1 branch of the dungeon, and saw 6 of its levels.

You collected 687 gold pieces.
You spent 125 gold pieces at shops.
You paid 102 gold pieces to Gozag.

Inventory:

Hand Weapons
 a - a +0 war axe of freezing
 n - a +0 war axe of freezing (weapon)
 B - a +0 battleaxe
Missiles
 k - 2 silver javelins (quivered)
 w - a throwing net
Armour
 b - a +0 scale mail (melded)
 c - a +0 buckler (worn)
 q - a +0 helmet (melded)
 v - a +2 cloak (melded)
Jewellery
 g - a ring of protection from fire (right branch)
 y - a ring of positive energy (left branch)
Wands
 o - a wand of paralysis (9)
 C - a wand of flame (6)
Scrolls
 f - 2 scrolls of immolation
 j - a scroll of torment {unknown}
 m - 2 scrolls of noise
 r - a scroll of enchant armour {unknown}
 s - a scroll of fear
 D - a scroll of amnesia {unknown}
 F - a scroll of fog {unknown}
Potions
 d - 4 potions of might
 h - a potion of magic {unknown}
 i - 2 potions of degeneration
 l - a potion of resistance {unknown}
 p - a potion of invisibility
 t - 2 potions of lignification
 u - a potion of heal wounds {unknown}
 x - a potion of brilliance {unknown}
 A - a potion of attraction {unknown}


   Skills:
 + Level 6.8 Fighting
 + Level 10.7 Axes
 + Level 7.2 Armour
 + Level 2.2 Dodging
 + Level 1.1 Stealth
 + Level 5.2 Shields


You had 8 spell levels left.
You didn't know any spells.
Your spell library contained the following spells:

 Spells                   Type           Power      Damage    Failure   Level
 Apportation              Tloc           0%         N/A       45%         1
 Foxfire                  Conj/Fire      0%         2x1d4     45%         1
 Necrotise                Necr           0%         1d4       45%         1
 Sandblast                Erth           0%         2d4       45%         1
 Sting                    Tmut/Pois      0%         1d3       45%         1
 Summon Small Mammal      Summ           0%         N/A       45%         1
 Passwall                 Tmut/Erth      0%         N/A       61%         2
 Stone Arrow              Conj/Erth      0%         3d7       83%         3
 Vampiric Draining        Necr           0%         2d6       83%         3
 Agony                    Necr           0%         N/A       100%        5
 Fireball                 Conj/Fire      0%         3d3       100%        5
 Plasma Beam              Fire/Air       0%         2x1d11    100%        6
 Starburst                Conj/Fire      0%         6d3       100%        6


Dungeon Overview and Level Annotations

Branches:
Dungeon (6/15)
 Temple: D:4-7

Altars:
Gozag
Okawaru
Uskayaw
Wu Jian

Shops:
D:3 [**[(

Annotations:
D:6 1 transporter, mangeymoose's ghost, novice MiBe


Message History

The gnoll sergeant barely misses you.
You hit mangeymoose's ghost but do no damage.
You hit the gnoll sergeant. You freeze the gnoll sergeant.
You barely miss the gnoll bouda.
You hit the gnoll sergeant but do no damage.
The gnoll hits you but does no damage.
You are poisoned.
The gnoll bouda calls upon its god to heal the gnoll sergeant.
The gnoll sergeant's wounds heal themselves!
Mangeymoose's ghost hits you but does no damage.
You block the gnoll sergeant's attack. The gnoll sergeant closely misses you.
You hit mangeymoose's ghost. You freeze mangeymoose's ghost.
Mangeymoose's ghost is lightly damaged.
You hit the gnoll sergeant. You freeze the gnoll sergeant.
You closely miss the gnoll sergeant.
You hit the gnoll bouda but do no damage.
Your attacks no longer feel as feeble.
You feel sick.
The gnoll sergeant is no longer moving quickly.
The gnoll hits you from afar with a +0 spear of venom.
* * * LOW HITPOINT WARNING * * *
You are more poisoned.
The gnoll bouda hits you with a +0 club.
* * * LOW HITPOINT WARNING * * *
The gnoll sergeant hits you with a +2 vampiric spear.
* * * LOW HITPOINT WARNING * * *
Mangeymoose's ghost hits you!
* * * LOW HITPOINT WARNING * * *
You block the gnoll sergeant's attack.
Really quaff the potion of lignification?
You turn into a tree.
Your +2 cloak melds into your body.
Your +0 helmet melds into your body.
Your +0 scale mail melds into your body.
Your roots penetrate the ground.
* * * LOW HITPOINT WARNING * * *
You feel very sick.
The gnoll hits you but does no damage. x2
The gnoll sergeant hits you with a +2 vampiric spear.
You die...
Your body crumbles into a pile of gold.

# #.≈≈#g.g.. $....#≈≈.###.#
#.≈≈###.# ##.###≈≈.# #.#
########.≈≈..#.#$.g#.#..≈≈.# #.#
.........≈≈.##.# g#.##.≈≈.# #.#
########.≈≈.#..# #.g#.≈≈.###.##
##.≈≈.##.#####.##.≈≈..##...
##..≈≈..#.#8⌠8#.#......##..#
####...~~.©#.ggg.'.#©.....##..#
###......≈≈..#.#♣.g#.#.......#...
).#..|...≈≈.##.##W##.##.≈≈...#.#.
..#......≈≈.#..#..g#.W#.≈≈.#+#...
..#......≈≈.##.'.g.'.##.≈≈.....##
.........≈≈..#.#...#.#..≈≈.....##
....#.##.≈≈###.##'##.###≈≈.......
....#.##.≈≈#g..........#≈≈.....##
......##.≈≈##.###.###.##≈≈.###.#
#.))####.≈≈#..#8###8#..#≈≈.....#


You could see 2 gnoll sergeants, a gnoll bouda, mangeymoose's ghost and 3
gnolls.

Vanquished Creatures
  Pikel (D:6)
  The ghost of Jingleheimer the Chiller, an amateur OpTm of Elyvilon (D:4)
  A wraith (D:6)
  A water moccasin (D:6)
  2 sky beasts (D:6)
  A black bear (D:6)
  A centaur (D:6)
  3 phantoms
  3 lemures (D:6)
  A bullfrog (D:6)
  2 scorpions (D:5)
  A howler monkey (D:6)
  A jelly (D:6)
  2 hounds
  2 orc priests
  A gnoll bouda (D:6)
  A sleepcap (D:6)
  2 iguanas
  Ijyb (D:5)
  4 orc wizards
  6 gnolls (D:6)
  3 adders
  4 ufetubi
  A dart slug (D:2)
  15 orcs
  6 ball pythons
  7 bats
  4 endoplasms
  A giant cockroach (D:1)
  3 goblins
  5 hobgoblins
  A quokka (D:4)
  2 frilled lizards (D:2)
  5 kobolds
  3 rats
98 creatures vanquished.

Notes
Turn   | Place    | Note
-------+----------+-------------------------------------------
     0 | D:1      | fireball365 the Hill Orc Fighter began the quest for the
                  | Orb.
     0 | D:1      | Reached XP level 1. HP: 19/19 MP: 1/1
   479 | D:1      | Reached XP level 2. HP: 27/27 MP: 2/2
   821 | D:1      | Got Qauzxod's Basics of Sorcery
   962 | D:2      | Reached skill level 3 in Axes
  1367 | D:2      | Noticed a phantom
  1380 | D:2      | Killed a phantom
  1381 | D:2      | Reached skill level 4 in Axes
  1381 | D:2      | Reached XP level 3. HP: 23/33 MP: 3/3
  1381 | D:2      | Reached XP level 4. HP: 28/40 MP: 4/4
  1552 | D:2      | Identified the +6 spear "Diog" {antimagic, rF+ Str+4}
  1808 | D:3      | Found a hide-covered altar of Uskayaw.
  1841 | D:3      | Found Uqamatoz's Antique Armour Shoppe.
  1890 | D:3      | Found Fedeeby's Assorted Antiques.
  1989 | D:3      | Bought a scroll labelled WONIWN MOYVI for 25 gold pieces
  1989 | D:3      | Bought a scroll labelled WONIWN MOYVI for 25 gold pieces
  1989 | D:3      | Bought a scroll labelled GUIHUS UBRA for 25 gold pieces
  1992 | D:3      | Bought a clear potion for 22 gold pieces
  2014 | D:3      | Found Ciurr's Antique Armour Shoppe.
  2114 | D:3      | Reached XP level 5. HP: 46/46 MP: 5/5
  2264 | D:3      | Found Wesed's Weapon Shoppe.
  2457 | D:3      | Found Buufah's General Store.
  2466 | D:3      | Bought a scroll of identify for 28 gold pieces
  2788 | D:4      | Reached skill level 5 in Axes
  2974 | D:4      | Found a runed translucent door.
  2974 | D:4      | Noticed Jingleheimer's ghost (amateur OpTm)
  3313 | D:5      | Entered Level 5 of the Dungeon
  3324 | D:5      | Found an opulent altar of Gozag.
  3326 | D:5      | Noticed a phantom
  3329 | D:5      | Noticed a phantom
  3475 | D:5      | Killed a phantom
  3476 | D:5      | Reached XP level 6. HP: 44/53 MP: 6/6
  3633 | D:5      | Reached skill level 6 in Axes
  3635 | D:5      | Reached skill level 1 in Dodging
  3766 | D:5      | Became a worshipper of Gozag Ym Sagoz the Greedy
  3776 | D:5      | Reached XP level 7. HP: 49/60 MP: 7/7
  4130 | D:5      | Found an iron altar of Okawaru.
  4151 | D:5      | Reached skill level 5 in Fighting
  4152 | D:5      | Reached skill level 7 in Axes
  4152 | D:5      | Reached skill level 5 in Armour
  4390 | D:5      | Noticed Ijyb
  4401 | D:5      | Killed Ijyb
  5026 | D:4      | Killed Jingleheimer's ghost
  5104 | D:6      | Reached skill level 8 in Axes
  5104 | D:6      | Reached XP level 8. HP: 46/69 MP: 8/8
  5362 | D:6      | Reached skill level 9 in Axes
  5526 | D:6      | Found an ornate altar of the Wu Jian Council.
  5545 | D:6      | Reached skill level 1 in Stealth
  5652 | D:6      | Noticed a wraith
  5663 | D:6      | Killed a wraith
  5738 | D:6      | Reached skill level 10 in Axes
  5738 | D:6      | Reached XP level 9. HP: 70/77 MP: 9/9
  5802 | D:6      | Found a transporter.
  5802 | D:6      | Found a transporter.
  5820 | D:6      | Noticed Pikel
  5848 | D:6      | Killed Pikel
  5849 | D:6      | Reached skill level 5 in Shields
  5935 | D:6      | Noticed mangeymoose's ghost (novice MiBe)
  6104 | D:6      | Paralysed by a gnoll for 4 turns
  6110 | D:6      | Paralysed by a gnoll for 4 turns
  6134 | D:6      | HP: 3/78 [mangeymoose's ghost (10)]
  6135 | D:6      | Slain by a gnoll sergeant

Illustrated notes

Levels and vault maps discovered:
D:1:      shiori_shiawase, layout_basic, serial_forest,
          infiniplex_forest_lined_room_3, infiniplex_forest_clump_long,
          infiniplex_forest_corner_1, infiniplex_forest_fountain,
          infiniplex_forest_clump_double, minmay_misc_feat_rows, minivault_14,
          kennysheep_decorative_pillar
D:2:      layout_basic, minmay_strange_pillars
D:3:      layout_loops_cross, nicolae_uskayaw_murder_on_the_dancefloor,
          serial_shops, shop, shop, shop, shop, shop
D:4:      layout_rooms, gammafunk_ghost_grave, palyth_stone_intersect,
          roderic_lattice_a
D:5:      layout_cave_pods, nicolae_gozag_seed_capital, lemuel_doored_altar,
          minmay_fountain_box, nicolae_figureground_pulse, uniq_ijyb
D:6:      layout_basic, nicolae_wu_jian_wuxing_cycle,
          gammafunk_ghost_gnarly_gnolls, uniq_pikel

Skill      XL: |  1  2  3  4  5  6  7  8  9 |
---------------+----------------------------+-----
Axes           | 4 5 6 8 10 | 10.7
Fighting       | 4 5 6 |  6.8
Armour         | 4 5 6 7 |  7.2
Shields        | 4 5 |  5.2
Dodging        | 1 2 |  2.2
Stealth        | 1 |  1.1

Action                     |  1- 3 |  4- 6 |  7- 9 || total
---------------------------+-------+-------+-------++-------
  Melee: War axe           |    64 |    97 |   179 ||   340
    Use: Scroll            |       |     9 |     6 ||    15
         Potion            |       |     2 |     4 ||     6
 Armour: Scale mail        |    37 |    64 |   127 ||   228
         Skin              |       |       |     2 ||     2
  Dodge: Dodged            |    37 |    85 |    82 ||   204
  Block: Buckler           |    23 |    29 |    55 ||   107
